 Dungeon Crawl Stone Soup version 0.28-a0-773-g130ae17fe5 (webtiles) character file.

Game seed: 9456339948264417455

1677 meatgazer the Envoy of Void (level 8, -6/65 HPs)
             Began as a Demonspawn Abyssal Knight on Nov 1, 2021.
             Was a High Priest of Lugonu.
             Mangled by an orc warrior (16 damage)
             ... on level 6 of the Dungeon.
             The game lasted 00:14:52 (8543 turns).

meatgazer the Envoy of Void (DsAK)                  Turns: 8543, Time: 00:14:53

Health: -6/65      AC:  8    Str: 15    XL:     8   Next: 70%
Magic:  13/13      EV:  9    Int: 17    God:    Lugonu [*****.]
Gold:   386        SH:  0    Dex: 15    Spells: 7/7 levels left

rFire   . . .      SeeInvis .   a - +2 spear (vorpal)
rCold   . . .      Faith    .   (no shield)
rNeg    . . .      Spirit   .   j - +1 scale mail
rPois   .          Reflect  .   e - +0 helmet
rElec   .          Harm     .   (no cloak)
rCorr   .          Rampage  .   (no gloves)
Will    .....                   (no boots)
Stlth   ..........              (no amulet)
HPRegen 0.20/turn               k - +6 ring of intelligence
MPRegen 0.13/turn               i - +4 ring of slaying

@: studying Air Magic
A: claws 2, ignite blood 1, spiny 1
a: Renounce Religion, Depart the Abyss, Bend Space, Banish, Corrupt, Enter the
Abyss


You were on level 6 of the Dungeon.
You worshipped Lugonu.
Lugonu was extremely pleased with you.
You visited 1 branch of the dungeon, and saw 6 of its levels.
You visited the Abyss 1 time.
You also visited: Sewer.

You collected 386 gold pieces.

Inventory:

Hand Weapons
 a - a +2 vorpal spear (weapon)
Armour
 e - a +0 helmet (worn)
 h - a +2 buckler
 j - a +1 scale mail (worn)
 q - a +3 leather armour of poison resistance
Jewellery
 i - a +4 ring of slaying (right claw)
 k - a +6 ring of intelligence (left claw)
Wands
 f - a wand of iceblast (3)
 o - a wand of mindburst (6)
Scrolls
 l - a scroll of teleportation
 n - a scroll of immolation
 p - a scroll of identify
 t - a scroll of summoning {unknown}
Potions
 b - a potion of ambrosia
 c - 2 potions of resistance
 g - 4 potions of curing
 r - a potion of might {unknown}
Miscellaneous
 d - a condenser vane


   Skills:
 + Level 6.3 Fighting
 + Level 5.4 Polearms
 - Level 1.7 Armour
 - Level 0.8 Dodging
 - Level 4.5 Shields
 + Level 7.7 Invocations
 - Level 0.3 Evocations


You had 7 spell levels left.
You didn't know any spells.
Your spell library contained the following spells:

 Spells                   Type           Power      Damage    Failure   Level
 Passwall                 Tmut/Erth      0%         N/A       80%         2
 Sublimation of Blood     Necr           0%         N/A       80%         2
 Wereblood                Tmut           0%         N/A       80%         2
 Ignite Poison            Fire/Tmut/Pois 0%         N/A       95%         3
 Mephitic Cloud           Conj/Pois/Air  0%         N/A       95%         3
 Swiftness                Air            0%         N/A       95%         3
 Freezing Cloud           Conj/Ice/Air   0%         6-21      100%        5
 Invisibility             Hex            0%         N/A       100%        6
 Summon Hydra             Summ           0%         N/A       100%        7


Dungeon Overview and Level Annotations

Branches:
Dungeon (6/15)              Sewer (visited)
 Temple: D:4-7

Altars:
Dithmenos
Elyvilon
Hepliaklqana
Ru
Trog
Uskayaw
The Shining One


Innate Abilities, Weirdness & Mutations

You have very sharp fingernails.
Your demonic aura sometimes causes spilled blood to erupt in flames.
You are partially covered in sharp spines.


Message History

The orc warrior is struck by your spines.
The orc warrior hits you with a +0 battleaxe!
The orc priest calls down the wrath of Beogh upon you.
You struggle to resist.
The orc warrior closely misses you.
The orc priest is struck by your spines.
The orc priest closely misses you.
The orc priest splashes around in the water.
You hit the orc warrior.
The orc warrior is lightly wounded.
You closely miss the orc warrior.
The orc warrior is lightly wounded.
The orc warrior barely misses you.
The orc priest splashes around in the water.
You hit the orc warrior.
The orc warrior is moderately wounded.
The orc warrior hits you with a +0 battleaxe!
The orc priest splashes around in the water.
You hit the orc warrior.
The orc warrior is heavily wounded.
The orc priest is struck by your spines.
The orc priest barely misses you. The orc warrior closely misses you.
You closely miss the orc warrior.
The orc warrior is heavily wounded.
The orc priest hits you with a +0 flail.
The orc warrior splashes around in the water.
You are too injured to fight recklessly!
You hit the orc warrior but do no damage.
The orc warrior is heavily wounded.
You hit the orc warrior but do no damage.
The orc warrior is heavily wounded.
The orc warrior hits you with a +0 battleaxe!
* * * LOW HITPOINT WARNING * * *
The orc priest calls upon Beogh to heal the orc warrior.
The orc warrior is healed somewhat.
Aiming: Iceblast
Press: ? - help, Shift-Dir - straight line, p - orc warrior The mass of ice explodes!
The iceblast engulfs the orc warrior!
The orc warrior is severely wounded.
The orc warrior hits you with a +0 battleaxe!
You die...

#.........<...#
...............#
...........B....#
................
............... #
......... .#
........###########.#
#.......o)≈≈≈≈≈≈≈..#
#......@o≈≈≈.≈≈≈≈..#
+.......≈≈÷≈≈≈≈≈≈.##
#......############
#......# #......#
#......# #......#
#......# ##
#......#######...


You could see an orc warrior and an orc priest.

Vanquished Creatures
  Eustachio (D:5)
  Menkaure (D:6)
  2 black bears (D:5)
  An ogre (D:4)
  2 phantoms (D:5)
  2 bullfrogs (Sewer)
  Blork the orc (D:6)
  2 hounds
  An orc priest (D:5)
  A gnoll shaman (D:4)
  2 iguanas
  Jessica (D:3)
  Terence (D:3)
  4 orc wizards
  A scorpion zombie (D:4)
  Robin (D:3)
  A howler monkey zombie (D:3)
  11 gnolls
  A howler monkey skeleton (D:5)
  13 adders
  An ufetubus (D:6)
  An adder skeleton (D:3)
  An adder zombie (D:5)
  3 dart slugs
  16 orcs
  19 endoplasms
  19 giant cockroaches
  18 goblins
  12 hobgoblins
  5 jackals
  14 quokkas
  21 ball pythons
  5 bats
  15 frilled lizards
  14 kobolds
  5 rats
219 creatures vanquished.

Vanquished Creatures (others)
  3 plants (D:4)
3 creatures vanquished.

Grand Total: 222 creatures vanquished

Notes
Turn   | Place    | Note
-------+----------+-------------------------------------------
     0 | Abyss:1  | meatgazer the Demonspawn Abyssal Knight began the quest for
                  | the Orb.
     0 | Abyss:1  | Reached XP level 1. HP: 18/18 MP: 2/2
    47 | Abyss:1  | Found a hazy altar of Hepliaklqana.
    82 | Abyss:2  | Noticed a thrashing horror
    89 | Abyss:3  | Found a corrupted altar of Lugonu.
    91 | Abyss:3  | Noticed a thrashing horror
    96 | Abyss:3  | Noticed a thrashing horror
   100 | D:1      | Escaped the Abyss
   215 | D:1      | Found a faded altar of an unknown god.
   229 | D:1      | Reached * piety under Lugonu
   291 | D:1      | Gained mutation: You are partially covered in sharp spines.
                  | [demonic ancestry]
   291 | D:1      | Reached XP level 2. HP: 24/24 MP: 4/4
   449 | D:1      | Reached skill level 3 in Invocations
   988 | D:1      | Gained mutation: Your demonic aura sometimes causes spilled
                  | blood to erupt in flames. [demonic ancestry]
   988 | D:1      | Reached XP level 3. HP: 29/29 MP: 5/5
  1900 | D:2      | Reached ** piety under Lugonu
  2266 | D:3      | Found a bloodstained altar of Trog.
  2270 | D:3      | Reached XP level 4. HP: 35/35 MP: 6/6
  2277 | D:3      | Found a sacrificial altar of Ru.
  2345 | D:3      | Noticed Terence
  2346 | D:3      | Noticed Jessica
  2369 | D:3      | Killed Terence
  2372 | D:3      | Killed Jessica
  2373 | D:3      | Reached skill level 1 in Shields
  2373 | D:3      | Reached skill level 4 in Invocations
  2748 | D:3      | Reached XP level 5. HP: 27/42 MP: 8/8
  2872 | D:3      | Noticed Robin
  2888 | D:3      | Killed Robin
  3325 | D:3      | Identified a scroll of acquirement
  3325 | D:3      | Acquired a manual of Air Magic
  3998 | D:3      | Found a shadowy altar of Dithmenos.
  4193 | D:4      | HP: 1/42 [iguana (4)]
  4692 | D:4      | Reached *** piety under Lugonu
  4809 | D:4      | Noticed an ogre
  4818 | D:4      | Killed an ogre
  4819 | D:4      | Gained mutation: You have sharp fingernails. [demonic
                  | ancestry]
  4819 | D:4      | Reached XP level 6. HP: 49/49 MP: 9/9
  4907 | D:4      | Reached skill level 5 in Invocations
  5795 | D:5      | Entered Level 5 of the Dungeon
  5841 | D:5      | Gained mutation: You have very sharp fingernails. [demonic
                  | ancestry]
  5841 | D:5      | Reached XP level 7. HP: 55/55 MP: 11/11
  5860 | D:5      | Reached skill level 5 in Fighting
  6177 | D:5      | Reached skill level 6 in Invocations
  6523 | D:5      | Reached **** piety under Lugonu
  6813 | D:5      | Found a hazy altar of Hepliaklqana.
  6914 | D:5      | Reached XP level 8. HP: 58/63 MP: 12/12
  6949 | D:5      | Found a hide-covered altar of Uskayaw.
  6949 | D:5      | Noticed a +0 falchion
  6950 | D:5      | Noticed a +0 spear
  6951 | D:5      | Noticed a +0 short sword
  6951 | D:5      | Noticed a +0 spear
  6951 | D:5      | Noticed a +0 short sword
  6952 | D:5      | Noticed a +0 falchion
  6954 | D:5      | Noticed a +0 dagger
  6956 | D:5      | Noticed a +0 dagger
  7194 | D:5      | Noticed Eustachio
  7206 | D:5      | Killed Eustachio
  7207 | D:5      | Reached skill level 7 in Invocations
  7349 | D:6      | Noticed Blork the orc
  7527 | D:6      | Noticed Menkaure
  7535 | D:6      | Killed Menkaure
  7536 | D:6      | Reached skill level 5 in Polearms
  7813 | D:6      | Killed Blork the orc
  7923 | D:6      | Found a glowing drain.
  7942 | Sewer    | Entered a sewer
  8220 | Sewer    | Reached ***** piety under Lugonu
  8543 | D:6      | Mangled by an orc warrior

Illustrated notes

Levels and vault maps discovered:
D:1:      co_arrival_random_square_maze, layout_basic, basic_ecumenical_altar
D:2:      layout_rooms
D:3:      kb_forest_paths, layout_basic, marbit_many_paths,
          mainiacjoe_overflow_catwalk_spiral, lemuel_round_altar, uniq_jessica,
          uniq_terence, uniq_robin
D:4:      corexii_shack_village, layout_loops_cross, minmay_box_of_dots
D:5:      layout_basic, general_overflow_altar, nicolae_uskayaw_en_pointe,
          uniq_eustachio
D:6:      layout_gridville, mainiacjoe_overflow_paths, temple_statues,
          portal_sewer_entry_f, serial_glass, glass_columns_a, glass_columns_b,
          minivault_11, uniq_maggie, uniq_blork_the_orc, uniq_menkaure,
          uniq_edmund

Skill      XL: |  1  2  3  4  5  6  7  8 |
---------------+-------------------------+-----
Polearms       | 2 3 4 5 |  5.4
Invocations    | 3 4 5 6 7 |  7.7
Shields        | 1 2 3 4 |  4.5
Fighting       | 4 5 6 |  6.3
Armour         | |  1.7
Dodging        | |  0.8
Evocations     | |  0.3

Action                   |  1- 3 |  4- 6 |  7- 9 || total
-------------------------+-------+-------+-------++-------
Melee: Spear             |   116 |   252 |   225 ||   593
Invok: Depart the Abyss  |     1 |       |       ||     1
Evoke: Condenser vane    |     1 |     1 |       ||     2
       Wand              |       |     1 |    10 ||    11
  Use: Scroll            |     4 |     8 |     4 ||    16
       Potion            |       |     3 |     3 ||     6
 Stab: Sleeping          |     1 |     2 |       ||     3
       Distracted        |       |     1 |       ||     1
       Confused          |       |       |     1 ||     1
Armor: Leather armour    |    15 |    14 |       ||    29
       Skin              |       |    63 |       ||    63
       Scale mail        |       |    18 |    43 ||    61
Dodge: Dodged            |    49 |    84 |    49 ||   182

Table legend: (Time is in decaauts)
 A = Elapsed time spent in this place.
 B = Non-inter-level travel time spent in this place.
 C = Inter-level travel time spent in this place.
 D = Time resting spent in this place.
 E = Time spent auto-exploring this place.
 F = Levels seen in this place.
 G = Mean time per level.
                   A        B        C        D        E       F      G
               +--------+--------+--------+--------+--------+-----+--------+
         Total |   8565 |   8367 |    198 |   2727 |   4412 |  10 |  856.5 |
       Dungeon |   7849 |   7651 |    198 |   2454 |   4225 |   6 | 1308.2 |
         Abyss |     99 |     99 |      0 |      0 |     54 |   3 |   33.0 |
         Sewer |    617 |    617 |      0 |    273 |    133 |   1 |  617.0 |
               +--------+--------+--------+--------+--------+-----+--------+

Top non-repeatable levels by time:
     D:3: 1902 daAuts
     D:5: 1622 daAuts
     D:4: 1616 daAuts
     D:1: 1274 daAuts
     D:2: 889 daAuts
   Sewer: 617 daAuts
     D:6: 543 daAuts
 Abyss:1: 60 daAuts
 Abyss:2: 28 daAuts
 Abyss:3: 10 daAuts
